 Dungeon Crawl Stone Soup version 0.26-a0-665-gefeb406119 (webtiles) character file.

Game seed: 17863886372851231422

21375 Birvald the Geomancer (level 12, -1/71 HPs)
             Began as a Gargoyle Earth Elementalist on Oct 14, 2020.
             Was an Elder of Vehumet.
             Slain by a two-headed ogre
             ... wielding a +0 giant club
              (13 damage)
             ... on level 14 of the Dungeon.
             The game lasted 00:46:10 (17795 turns).

Birvald the Geomancer (GrEE)                       Turns: 17795, Time: 00:46:10

Health: -1/71      AC: 15    Str: 19    XL:     12   Next: 89%
Magic:  25/25      EV: 14    Int: 20    God:    Vehumet [****..]
Gold:   590        SH:  0    Dex: 10    Spells: 9/29 levels left

rFire    + + .     SeeInvis .   Q - +7 quarterstaff of the Leaping Firefly {holy, rN+}
rCold    + + +     Faith    .   (shield currently unavailable)
rNeg     + + .     Spirit   .   M - +1 robe {rC+}
rPois    ∞         Reflect  .   (no helmet)
rElec    +         Harm     .   s - scarf {rC+ rF+}
rCorr    .         Rampage  .   L - +0 pair of gloves of the Solstice {rF+} (curse)
MR       .....                  v - +1 pair of boots
Stlth    ++........             k - amulet of the acrobat
HPRegen  0.21/turn              p - ring of protection from cold
MPRegen  0.19/turn              J - +6 ring of strength

@: no status effects
A: mutation resistance 1, negative energy resistance 1, electricity resistance,
unbreathing, petrification resistance, rot immunity, AC +8
a: Renounce Religion


You were on level 14 of the Dungeon.
You worshipped Vehumet.
Vehumet was greatly pleased with you.
You visited 2 branches of the dungeon, and saw 15 of its levels.
You also visited: Sewer and Ossuary.

You collected 905 gold pieces.
You spent 315 gold pieces at shops.

Inventory:

Hand Weapons
 i - a +3 dagger of holy wrath
 t - a +3 rapier of venom
 z - a +2 whip of holy wrath
 B - a +0 morningstar of draining
 H - a +0 flail
 Q - the +7 quarterstaff of the Leaping Firefly (weapon) {holy, rN+}
   (You took it off a centaur on level 13 of the Dungeon)

   It has been blessed by the Shining One to cause great damage to the undead
   and demons.
   It protects you from negative energy.
Missiles
 b - 389 stones (quivered)
Armour
 s - a scarf of resistance (worn)
 v - a +1 pair of boots (worn)
 L - the cursed +0 pair of gloves of the Solstice (worn) {rF+}
   (You found it on level 8 of the Dungeon)

   It protects you from fire.
   It has a curse placed upon it.
 M - a +1 robe of cold resistance (worn)
Jewellery
 k - an amulet of the acrobat (around neck)
 n - the ring "Quhod" {rPois rN++ Int-2 SInv Stlth-}
   (You found it on level 7 of the Dungeon)

   [ring of attention]

   It affects your intelligence (-2).
   It protects you from poison.
   It greatly protects you from negative energy.
   It lets you see invisible.
   It makes you less stealthy.
 p - a ring of protection from cold (left hand)
 F - an uncursed ring of protection from cold
 J - a +6 ring of strength (right hand)
 O - an uncursed ring of ice
Wands
 g - a wand of polymorph (15)
 K - a wand of paralysis (4)
 N - a wand of acid (19)
 P - a wand of iceblast (7)
Scrolls
 c - a scroll of holy word
 d - 7 scrolls of blinking
 f - 4 scrolls of enchant weapon
 h - a scroll of immolation
 j - 6 scrolls of remove curse
 l - 5 scrolls of teleportation
 m - 5 scrolls of amnesia
 o - 3 scrolls of magic mapping
 A - 2 scrolls of fog
 G - 11 scrolls of identify
 S - a scroll of enchant armour
Potions
 a - a potion of berserk rage
 e - a potion of heal wounds
 q - 2 potions of flight
 r - 3 potions of might
 u - 3 potions of curing
 w - a potion of magic
 x - 3 potions of cancellation
 C - 4 potions of brilliance
 D - 4 potions of haste
 E - a potion of lignification
 I - a potion of invisibility
 R - 2 potions of ambrosia
Miscellaneous
 y - a phantom mirror (inert)


   Skills:
 + Level 6.5 Fighting
 + Level 5.9 Maces & Flails
 - Level 6.0 Armour
 + Level 5.3 Dodging
 - Level 2.1 Stealth
 + Level 9.1 Spellcasting
 + Level 8.7 Conjurations
   Level 0.7 Transmutations
 * Level 4.4 Fire Magic
 + Level 11.8 Earth Magic
 + Level 5.4 Evocations


You had 9 spell levels left.
You knew the following spells:

 Your Spells              Type           Power        Failure   Level
a - Sandblast             Erth           ######       1%          1
b - Stone Arrow           Conj/Erth      ######       1%          3
c - Lee's Rapid Deconstr  Erth           ######....   1%          5
d - Bolt of Magma         Conj/Fire/Erth #####.....   1%          5
e - Starburst             Conj/Fire      #####.....   21%         6

Your spell library contained the following spells:

 Spells                   Type           Power        Failure   Level
 Magic Dart               Conj           ####         1%          1
 Shock                    Conj/Air       ####         1%          1
 Passwall                 Tmut/Erth      ####....     1%          2
 Conjure Flame            Conj/Fire      #####...     1%          3
 Dazzling Flash           Conj/Hex       ####..       1%          3
 Mephitic Cloud           Conj/Pois/Air  ###.....     1%          3
 Static Discharge         Conj/Air       ####....     1%          3
 Freeze                   Ice            #...         2%          1
 Hailstorm                Conj/Ice       ####....     3%          4
 Petrify                  Tmut/Erth      ####....     5%          4
 Frozen Ramparts          Ice            #.....       6%          3
 Corona                   Hex            #......      8%          1
 Lightning Bolt           Conj/Air       ####......   10%         5
 Blink                    Tloc           N/A          12%         2
 Call Imp                 Summ           #.......     12%         2
 Ensorcelled Hibernation  Hex/Ice        #.....       12%         2
 Slow                     Hex            #.......     12%         2
 Swiftness                Air            #.......     12%         2
 Airstrike                Air            #.........   19%         4
 Confusing Touch          Hex            #.......     22%         3
 Ozocubu's Armour         Ice            #.......     22%         3
 Tukima's Dance           Hex            #.......     22%         3
 Summon Ice Beast         Ice/Summ       #.......     58%         4


Dungeon Overview and Level Annotations

Branches:
Dungeon (14/15)            Temple (1/1) D:6            Lair (0/6) D:10
    Orc (0/2) D:12          Sewer (visited)         Ossuary (visited)
 Vaults: D:13-14

Altars:
Ashenzari
Elyvilon
Makhleb
Nemelex Xobeh
Okawaru
Qazlal
Ru
Trog
Uskayaw
Vehumet
Wu Jian
Xom
The Shining One

Shops:
D:7 *!

Annotations:
D:4 1 runed translucent door
D:5 1 runed translucent door, lilly's ghost, amateur MiMo
D:11 3 runed translucent doors, Ijustatesigmund's ghost, journeyman SpDe
D:13 2 transporters, Ykhoefedgh's ghost, journeyman OgTm


Innate Abilities, Weirdness & Mutations

You are resistant to torment.
Your stone body is resilient. (AC +8)
You are immune to poison.
You resist negative energy. (rN+)
You are resistant to electric shocks. (rElec)
You can survive without breathing.
You are immune to petrification.
You are immune to rotting.
You are somewhat resistant to further mutation.


Message History

The two-headed ogre is moderately wounded.
The centaur warrior shoots an arrow.
The arrow hits you. The two-headed ogre closely misses you.
The two-headed ogre barely misses you.
The centaur warrior shoots an arrow.
The arrow closely misses you.
You hit the two-headed ogre.
The two-headed ogre is moderately wounded.
The centaur warrior shoots an arrow.
The arrow hits you. The two-headed ogre barely misses you.
The two-headed ogre completely misses you.
Unknown command.
Unknown command.
You sock the two-headed ogre!
The two-headed ogre is heavily wounded.
The centaur warrior shoots an arrow.
The arrow hits you!
The centaur warrior shoots an arrow.
The arrow hits you!
* * * LOW HITPOINT WARNING * * *
The two-headed ogre hits you with a +0 giant club!
* * * LOW HITPOINT WARNING * * *
The two-headed ogre hits you with a +0 great mace!
You die...

#.<# ..# #..#######..#
########...........####.
........................
........................
#................$......
#................c......
#..........[.....O......
#...............@.......
#.......................
.............!..........
..............(.........
##........#######.......
#........# ..#####
#........# ..# ........#
..# .......


You could see a centaur warrior and a two-headed ogre.

Vanquished Creatures
  A boulder beetle (D:13)
  2 two-headed ogres
  4 skeletal warriors
  A death drake (D:12)
  3 unseen horrors (D:10)
  2 deep elf magi (D:13)
  An ugly thing (D:11)
  2 cyclopes (D:13)
  A gargoyle (D:10)
  A kobold demonologist (D:11)
  2 trolls
  A queen bee (D:9)
  Grinder (D:3)
  A hornet (D:12)
  2 meliai zombies
  2 slime creatures (D:13)
  A spriggan (shapeshifter) (D:13)
  2 wraiths
  Grum (D:11)
  12 yaks
  A basilisk (D:13)
  Eustachio (D:5)
  The ghost of feta the Chiller, an amateur GnIE of Vehumet (D:4)
  Menkaure (D:6)
  3 wargs (D:10)
  A water moccasin (D:10)
  Duvessa (D:4)
  5 ice beasts
  4 orc warriors
  A phantom (D:9)
  2 sky beasts
  A black bear (D:12)
  6 ogres
  6 centaurs
  2 wolves (D:11)
  5 big kobolds
  10 bullfrogs
  Dowan (D:4)
  7 scorpions
  11 killer bees
  A wight (D:8)
  2 electric eels (D:10)
  2 howler monkeys (D:8)
  3 centaur zombies
  6 hounds
  A quasit (D:13)
  A bullfrog zombie (D:8)
  9 orc priests
  A centaur skeleton (D:9)
  2 gnoll shamans
  2 jellies
  12 orc wizards
  5 bullfrog skeletons
  6 iguanas
  9 worker ants
  A killer bee zombie (D:6)
  5 mummies
  A worker ant zombie (D:9)
  17 adders
  16 gnolls
  A river rat (D:4)
  A shadow imp (D:10)
  2 white imps
  An ooze (D:3)
  An adder zombie (D:5)
  4 adder skeletons
  A worm (D:4)
  A dart slug (D:4)
  7 leopard geckos
  66 orcs
  7 ball pythons
  5 bats
  9 giant cockroaches
  10 goblins
  4 hobgoblins
  13 jackals
  5 quokkas
  7 frilled lizards
  5 gnoll skeletons (Ossuary)
  8 gnoll zombies (Ossuary)
  4 goblin skeletons (Ossuary)
  4 goblin zombies (Ossuary)
  4 hobgoblin skeletons (Ossuary)
  4 hobgoblin zombies (Ossuary)
  26 kobolds
  3 kobold skeletons (Ossuary)
  A kobold zombie (Ossuary)
  A leopard gecko skeleton (D:5)
  7 orc skeletons (Ossuary)
  2 orc zombies (Ossuary)
  11 rats
  2 rat skeletons (Ossuary)
  5 rat zombies (Ossuary)
447 creatures vanquished.

Vanquished Creatures (collateral kills)
  A skeletal warrior (D:13)
1 creature vanquished.

Vanquished Creatures (others)
  A hobgoblin zombie (Ossuary)
  3 plants
  2 withered plants (D:5)
6 creatures vanquished.

Grand Total: 454 creatures vanquished

Notes
Turn   | Place    | Note
-------+----------+-------------------------------------------
     0 | D:1      | Birvald the Gargoyle Earth Elementalist began the quest for
                  | the Orb.
     0 | D:1      | Reached XP level 1. HP: 10/10 MP: 3/3
    57 | D:1      | Reached skill level 4 in Earth Magic
    57 | D:1      | Reached XP level 2. HP: 14/15 MP: 0/5
   656 | D:1      | Reached XP level 3. HP: 10/19 MP: 4/6
   661 | D:1      | Learned a level 3 spell: Stone Arrow
  1670 | D:2      | Reached XP level 4. HP: 14/24 MP: 5/8
  1837 | D:2      | Reached skill level 5 in Earth Magic
  2364 | D:3      | Reached XP level 5. HP: 28/28 MP: 6/10
  2521 | D:3      | Found a sparkling altar of Nemelex Xobeh.
  2613 | D:3      | Gained mutation: You are somewhat resistant to further
                  | mutation. [potion of mutation]
  2775 | D:3      | Noticed Grinder
  2788 | D:3      | Paralysed by Grinder for 5 turns
  2794 | D:3      | Killed Grinder
  2794 | D:3      | Reached skill level 6 in Earth Magic
  2794 | D:3      | Reached XP level 6. HP: 5/32 MP: 5/13
  3245 | D:4      | Found a runed translucent door.
  3253 | D:4      | Reached skill level 5 in Spellcasting
  3253 | D:4      | Reached skill level 7 in Earth Magic
  3253 | D:4      | Reached XP level 7. HP: 31/36 MP: 5/14
  3256 | D:4      | Noticed Duvessa
  3321 | D:4      | Found a glowing drain.
  3326 | Sewer    | Entered a sewer
  3333 | Sewer    | Learned a level 5 spell: Lee's Rapid Deconstruction
  3936 | D:4      | Noticed Dowan
  3951 | D:4      | Killed Duvessa
  3967 | D:4      | Killed Dowan
  3967 | D:4      | Reached skill level 8 in Earth Magic
  4222 | D:4      | Reached XP level 8. HP: 41/41 MP: 9/16
  4291 | D:4      | Found a runed translucent door.
  4422 | D:4      | Noticed feta's ghost (amateur GnIE)
  4583 | D:4      | Reached skill level 9 in Earth Magic
  4814 | D:4      | Killed feta's ghost
  4970 | D:5      | Entered Level 5 of the Dungeon
  4982 | D:5      | Noticed Eustachio
  5012 | D:5      | Killed Eustachio
  5353 | D:5      | Reached skill level 1 in Conjurations
  5353 | D:5      | Reached XP level 9. HP: 32/46 MP: 13/19
  5355 | D:5      | Reached skill level 1 in Fighting
  5355 | D:5      | Reached skill level 1 in Evocations
  5521 | D:5      | Found a runed translucent door.
  5524 | D:5      | Noticed lilly's ghost (amateur MiMo)
  5550 | D:5      | Reached skill level 1 in Armour
  5987 | D:6      | Found a white marble altar of Elyvilon.
  6187 | D:6      | Found a burning altar of Makhleb.
  6286 | D:6      | Found a staircase to the Ecumenical Temple.
  6296 | D:6      | Found a sand-covered staircase.
  6306 | Ossuary  | Entered an ossuary
  7147 | Temple   | Entered the Ecumenical Temple
  7169 | Temple   | Became a worshipper of Vehumet
  7270 | D:6      | Reached skill level 1 in Maces & Flails
  7440 | D:6      | Reached skill level 10 in Earth Magic
  7903 | D:6      | Found an ornate altar of the Wu Jian Council.
  7949 | D:6      | Noticed Menkaure
  7952 | D:6      | Killed Menkaure
  8061 | D:7      | Got a translucent platinum ring
  8069 | D:7      | Identified the ring "Quhod" {rPois rN++ Int-2 SInv Stlth-}
                  | (You found it on level 7 of the Dungeon)
  8464 | D:7      | Reached * piety under Vehumet
  8464 | D:7      | Offered knowledge of Foxfire by Vehumet.
  8593 | D:7      | Found Moilorch's Assorted Antiques.
  8609 | D:7      | Bought a scroll of teleportation for 75 gold pieces
  8609 | D:7      | Bought 3 scrolls of identify for 150 gold pieces
  8980 | D:7      | Reached XP level 10. HP: 54/54 MP: 21/21
  9209 | D:7      | Found Xyriane's Distillery.
  9212 | D:7      | Bought a potion of heal wounds for 75 gold pieces
  9212 | D:7      | Bought a potion of degeneration for 15 gold pieces
  9348 | D:8      | Offered knowledge of Searing Ray by Vehumet.
  9354 | D:8      | Reached ** piety under Vehumet
  9621 | D:8      | Reached skill level 5 in Conjurations
  9821 | D:8      | Noticed a two-headed ogre
  9835 | D:8      | Killed a two-headed ogre
  9968 | D:8      | Identified the cursed +0 pair of gloves of the Solstice
                  | {rF+} (You found it on level 8 of the Dungeon)
 10042 | D:8      | Found a sacrificial altar of Ru.
 10295 | D:9      | Found a glowing golden altar of the Shining One.
 10306 | D:9      | Offered knowledge of Frozen Ramparts by Vehumet.
 10355 | D:9      | Noticed a +0 hand axe
 10357 | D:9      | Noticed a +0 hand axe
 10358 | D:9      | Found a hide-covered altar of Uskayaw.
 10853 | D:9      | Reached *** piety under Vehumet
 10859 | D:9      | Reached XP level 11. HP: 31/62 MP: 19/23
 11047 | D:9      | Found an iron altar of Okawaru.
 11221 | D:9      | Noticed a two-headed ogre
 11225 | D:9      | Killed a two-headed ogre
 11593 | D:10     | Entered Level 10 of the Dungeon
 11618 | D:10     | Killed an unseen horror
 11618 | D:10     | Reached skill level 11 in Earth Magic
 11924 | D:10     | Reached skill level 5 in Fighting
 11924 | D:10     | Reached skill level 5 in Armour
 11932 | D:10     | Offered knowledge of Olgreb's Toxic Radiance by Vehumet.
 12002 | D:10     | Noticed an unseen horror
 12003 | D:10     | Killed an unseen horror
 12368 | D:10     | Noticed an unseen horror
 12372 | D:10     | Killed an unseen horror
 12430 | D:10     | Found a staircase to the Lair.
 12503 | D:10     | Reached **** piety under Vehumet
 12811 | D:10     | Offered knowledge of Bolt of Magma by Vehumet.
 12818 | D:10     | Learned a level 5 spell: Bolt of Magma
 13248 | D:11     | Noticed a soul eater
 13250 | D:11     | Noticed a sun demon
 13537 | D:11     | Noticed Grum
 13546 | D:11     | Killed Grum
 13546 | D:11     | Reached skill level 1 in Fire Magic
 13546 | D:11     | Reached XP level 12. HP: 61/68 MP: 24/24
 13689 | D:11     | Reached skill level 5 in Maces & Flails
 14013 | D:11     | Found a runed translucent gate.
 14013 | D:11     | Found a runed translucent gate.
 14038 | D:11     | Found a runed translucent gate.
 14039 | D:11     | Noticed Ijustatesigmund's ghost (journeyman SpDe)
 14726 | D:12     | Reached ***** piety under Vehumet
 14733 | D:12     | Offered knowledge of Starburst by Vehumet.
 14882 | D:12     | Found a staircase to the Orcish Mines.
 14980 | D:13     | Noticed Ykhoefedgh's ghost (journeyman OgTm)
 14980 | D:13     | Noticed Nessos
 14980 | D:13     | Identified the +3 great sword "Goblin's Death Toll" {elec,
                  | +Blink}
 14980 | D:13     | Noticed a tengu warrior
 15277 | D:13     | Noticed Nessos
 15277 | D:13     | Nessos changed into Nessos the death drake
 15303 | D:12     | Killed Nessos the death drake
 15304 | D:12     | Reached skill level 5 in Evocations
 15508 | D:13     | Identified the cursed +2 scimitar "Ikkuum" {antimagic,
                  | +Rage MR- Int+4}
 15512 | D:13     | Reached skill level 5 in Dodging
 15917 | D:13     | Found a transporter.
 15918 | D:13     | Found a transporter.
 16287 | D:13     | Noticed a boulder beetle
 16309 | D:13     | Killed a boulder beetle
 16662 | D:13     | Identified the +7 quarterstaff of the Leaping Firefly
                  | {holy, rN+}
 16913 | D:13     | Learned a level 6 spell: Starburst
 17190 | D:13     | Found a bloodstained altar of Trog.
 17374 | D:13     | HP: 2/71 [cyclops (19)]
 17784 | D:14     | Noticed a two-headed ogre
 17787 | D:14     | Noticed a centaur warrior
 17795 | D:14     | Slain by a two-headed ogre

Illustrated notes

Levels and vault maps discovered:
D:1:      kennysheep_arrival_forest, layout_rooms, minmay_misc_feat_square
D:2:      layout_loops_cross, minmay_misc_feat_alley
D:3:      layout_basic, lemuel_doored_altar, uniq_grinder
D:4:      layout_basic, ebering_ghost_sewer_f, portal_sewer_entry_e,
          uniq_duvessa
D:5:      layout_loops_ring, gammafunk_ghost_grave,
          hangedman_abyss_or_decor_stabs, minmay_checkerbox, uniq_eustachio
D:6:      kennysheep_six_static_rooms, layout_basic, bloody_makhleb,
          chequers_temple_overflow_statue_of_worship,
          minmay_temple_entry_crystal_x, gup_ossuary_entry_pyramid,
          uniq_menkaure
D:7:      layout_loops_ring, serial_shops, shop, nicolae_shop_behind_doors,
          columned_hall_lemuel, serial_park_tiny_pond
D:8:      layout_basic, minmay_ruined_shrine
D:9:      layout_loops_cross, kennysheep_mini, dancing_weapons_uskayaw,
          okawaru_ov_weapons_minmay, st_stairs_7, minmay_misc_feat_five,
          nicolae_looking_at_the_future
D:10:     layout_big_octagon, erik_lair_orcish_takeover
D:11:     layout_loops_ring, ebering_ghost_rock_garden, uniq_grum
D:12:     layout_cave_pools, hiddenorc1_lemuel
D:13:     layout_loops_ring, gammafunk_ghost_wrathful_warriors,
          minmay_misc_feat_room, uniq_nessos
D:14:     layout_small_grid, david_vaults_1, uniq_josephine
Temple:   regret_index_temple_waves

Skill      XL: |  1  2  3  4  5  6  7  8  9 10 11 12 |
---------------+-------------------------------------+-----
Earth Magic    | 4 5 6 7 8 9 10 11 | 11.8
Spellcasting   | 3 4 5 7 8 9 |  9.1
Conjurations   | 1 4 6 8 |  8.7
Fighting       | 2 4 5 6 |  6.5
Evocations     | 2 3 4 5 |  5.4
Armour         | 2 4 5 6 |  6.0
Dodging        | 2 3 4 5 |  5.3
Maces & Flails | 2 3 4 5 |  5.9
Fire Magic     | 1 4 |  4.4
Stealth        | |  2.1
Transmutations | |  0.7

Action                   |  1- 3 |  4- 6 |  7- 9 | 10-12 || total
-------------------------+-------+-------+-------+-------++-------
Melee: Unarmed           |    12 |       |       |       ||    12
       Dagger            |   134 |    65 |    95 |       ||   294
       Rapier            |       |       |   311 |   488 ||   799
       Whip              |       |       |     6 |       ||     6
       Quarterstaff      |       |       |       |     7 ||     7
 Cast: Sandblast         |    14 |    25 |    49 |    27 ||   115
       Stone Arrow       |       |     1 |    32 |    58 ||    91
       Lee's Rapid Decon |       |       |    13 |    58 ||    71
Evoke: Wand              |       |       |     2 |     7 ||     9
       Phantom mirror    |       |       |       |     1 ||     1
  Use: Scroll            |       |    11 |    14 |    13 ||    38
       Potion            |       |     3 |     5 |     5 ||    13
 Stab: Sleeping          |     4 |     1 |     6 |     2 ||    13
       Paralysed         |       |       |       |     5 ||     5
Armor: Robe              |    72 |    25 |   149 |   313 ||   559
       Skin              |       |       |    12 |       ||    12
Dodge: Dodged            |   120 |    54 |   341 |   550 ||  1065

Table legend: (Time is in decaauts)
 A = Elapsed time spent in this place.
 B = Non-inter-level travel time spent in this place.
 C = Inter-level travel time spent in this place.
 D = Time resting spent in this place.
 E = Time spent auto-exploring this place.
 F = Levels seen in this place.
 G = Mean time per level.
                   A        B        C        D        E       F      G
               +--------+--------+--------+--------+--------+-----+--------+
         Total |  18007 |  17591 |    416 |   4025 |   9841 |  17 | 1059.2 |
       Dungeon |  16451 |  16057 |    394 |   3732 |   9080 |  14 | 1175.1 |
        Temple |     44 |     22 |     22 |      0 |     18 |   1 |   44.0 |
         Sewer |    675 |    675 |      0 |     45 |    442 |   1 |  675.0 |
       Ossuary |    836 |    836 |      0 |    248 |    301 |   1 |  836.0 |
               +--------+--------+--------+--------+--------+-----+--------+

Top non-repeatable levels by time:
    D:13: 1930 daAuts
    D:12: 1646 daAuts
    D:10: 1532 daAuts
     D:9: 1346 daAuts
     D:6: 1236 daAuts
     D:7: 1222 daAuts
     D:4: 1145 daAuts
     D:3: 1132 daAuts
    D:11: 1124 daAuts
     D:2: 1060 daAuts
     D:8: 1035 daAuts
     D:1: 1009 daAuts
     D:5: 1005 daAuts
 Ossuary: 836 daAuts
   Sewer: 675 daAuts
